MID
FORT WAYNE TINCAPS @ HARTFORD YARD GOATS
08/13/2049
 
TOP OF THE 1ST
Fort Wayne TinCaps batting - Pitching for Hartford Yard Goats : RHP Logan Ramsey
Pitching: RHP Logan Ramsey
Batting: RHB Devon Dill 0-0: SINGLE (Groundball, 56S, EV 63.8 MPH) (infield hit)
Batting: RHB Cesar Ortega 0-0: Called Strike
0-1: Ball
1-1: Called Strike
1-2: Foul Ball, location: 2F
1-2: Foul Ball, location: 2F
1-2: Ball
2-2: SINGLE (Groundball, 56S, EV 70.6 MPH) (infield hit)
Devon Dill to second
Batting: RHB Jim Miske 0-0: Called Strike
0-1: Grounds into double play, 5-4-3 (Groundball, 56, EV 106.2 MPH)
Devon Dill to third
Batting: RHB Danny Krug 0-0: Ball
1-0: Ball
Wild Pitch!
Devon Dill scores
2-0: Reached on error, E5 (Groundball, 25, EV 90.6 MPH)
Batting: RHB Ben Welt 0-0: Foul Ball, location: 2F
0-1: Swinging Strike
0-2: Foul Ball, location: 2F
0-2: Foul Ball, location: 2F
0-2: Ball
1-2: Ball
2-2: Ball
3-2: Base on Balls
Danny Krug to second
Batting: RHB John Freeman 0-0: Called Strike
0-1: Ball
1-1: Foul Ball, location: 2F
1-2: Ball
2-2: Foul Ball, location: 2F
2-2: Strikes out swinging
Top of the 1st over - 1 run, 2 hits, 1 error, 2 left on base; Fort Wayne 1 - Hartford 0
BOTTOM OF THE 1ST
Hartford Yard Goats batting - Pitching for Fort Wayne TinCaps : LHP Jon Zaragoza
Pitching: LHP Jon Zaragoza
Batting: RHB John Stevenson 0-0: Ball
1-0: Fly out, F9 (Flyball, 89S, EV 86.2 MPH)
Batting: RHB Doug D'Onofrio 0-0: Swinging Strike
0-1: Called Strike
0-2: Strikes out swinging
Batting: RHB Ivan Castaneda 0-0: Called Strike
0-1: Foul Ball, location: 2F
0-2: Ball
1-2: Ball
2-2: Strikes out swinging
Bottom of the 1st over - 0 runs, 0 hits, 0 errors, 0 left on base; Fort Wayne 1 - Hartford 0
TOP OF THE 2ND
Fort Wayne TinCaps batting - Pitching for Hartford Yard Goats : RHP Logan Ramsey
Batting: RHB Bill Vives 0-0: Ball
1-0: Called Strike
1-1: Ground out 1-3 (Groundball, 15S, EV 73.8 MPH)
Batting: RHB Dave Cordero 0-0: Fly out, F5 (Line Drive, 5L, EV 70.6 MPH)
Batting: LHB Tony Contreras 0-0: Called Strike
0-1: Ball
1-1: Ball
2-1: Fly out, F7 (Flyball, 7D, EV 97.5 MPH)
Top of the 2nd over - 0 runs, 0 hits, 0 errors, 0 left on base; Fort Wayne 1 - Hartford 0
BOTTOM OF THE 2ND
Hartford Yard Goats batting - Pitching for Fort Wayne TinCaps : LHP Jon Zaragoza
Batting: RHB Chris Osting 0-0: Ball
1-0: Called Strike
1-1: Ball
2-1: Foul Ball, location: 2F
2-2: SINGLE (Groundball, 25, EV 72.5 MPH) (infield hit)
Batting: SHB Brad Madden 0-0: Fly out, F4 (Popup, 4, EV 60.0 MPH)
Batting: RHB Bryce Hickman 0-0: Ball
1-0: Swinging Strike
1-1: Foul Ball, location: 2F
1-2: Foul Ball, location: 2F
1-2: Strikes out looking
Batting: RHB Dwane Reed 0-0: Ball
1-0: Ball
2-0: Called Strike
2-1: Called Strike
2-2: Fielders Choice at 2nd, 6-4 (Groundball, 6, EV 106.9 MPH)
Bottom of the 2nd over - 0 runs, 1 hit, 0 errors, 1 left on base; Fort Wayne 1 - Hartford 0
TOP OF THE 3RD
Fort Wayne TinCaps batting - Pitching for Hartford Yard Goats : RHP Logan Ramsey
Batting: RHB Devon Dill 0-0: Called Strike
0-1: Foul Ball, location: 2F
0-2: Ball
1-2: Ball
2-2: Ball
3-2: Base on Balls
Batting: RHB Cesar Ortega 0-0: Fly out, F8 (Flyball, 8LD, EV 95.6 MPH)
Batting: RHB Jim Miske 0-0: Swinging Strike
0-1: Fly out, F7 (Flyball, 7D, EV 93.8 MPH)
Batting: RHB Danny Krug 0-0: Fly out, F8 (Flyball, 8LM, EV 90.0 MPH)
Top of the 3rd over - 0 runs, 0 hits, 0 errors, 1 left on base; Fort Wayne 1 - Hartford 0
BOTTOM OF THE 3RD
Hartford Yard Goats batting - Pitching for Fort Wayne TinCaps : LHP Jon Zaragoza
Batting: RHB Ray Insley 0-0: Fly out, F9 (Flyball, 9D, EV 93.1 MPH)
Batting: LHB Harry Folsom 0-0: Fly out, F7 (Flyball, 78D, EV 77.5 MPH)
Batting: RHB John Stevenson 0-0: Swinging Strike
0-1: Swinging Strike
0-2: Foul Ball, location: 2F
0-2: Ball
1-2: Strikes out swinging
Bottom of the 3rd over - 0 runs, 0 hits, 0 errors, 0 left on base; Fort Wayne 1 - Hartford 0
TOP OF THE 4TH
Fort Wayne TinCaps batting - Pitching for Hartford Yard Goats : RHP Logan Ramsey
Batting: RHB Ben Welt 0-0: Called Strike
0-1: Foul Ball, location: 2F
0-2: Strikes out swinging
Batting: RHB John Freeman 0-0: Ball
1-0: Foul Ball, location: 2F
1-1: Ball
2-1: Swinging Strike
2-2: Ground out U3 (Groundball, 34, EV 79.4 MPH)
Batting: RHB Bill Vives 0-0: Ball
1-0: Foul Ball, location: 2F
1-1: Foul Ball, location: 2F
1-2: Ground out 5-3 (Groundball, 56S, EV 83.1 MPH)
Top of the 4th over - 0 runs, 0 hits, 0 errors, 0 left on base; Fort Wayne 1 - Hartford 0
BOTTOM OF THE 4TH
Hartford Yard Goats batting - Pitching for Fort Wayne TinCaps : LHP Jon Zaragoza
Batting: RHB Doug D'Onofrio 0-0: Ball
1-0: Called Strike
1-1: Ground out 5-3 (Groundball, 56S, EV 67.5 MPH)
Batting: RHB Ivan Castaneda 0-0: Called Strike
0-1: Ball
1-1: Called Strike
1-2: Ball
2-2: Foul Ball, location: 2F
2-2: Foul Ball, location: 2F
2-2: Foul Ball, location: 2F
2-2: Ball
3-2: Ground out 5-3 (Groundball, 5L, EV 110.6 MPH)
Batting: RHB Chris Osting 0-0: Ball
1-0: Called Strike
1-1: Ball
2-1: Swinging Strike
2-2: Strikes out swinging
Bottom of the 4th over - 0 runs, 0 hits, 0 errors, 0 left on base; Fort Wayne 1 - Hartford 0
TOP OF THE 5TH
Fort Wayne TinCaps batting - Pitching for Hartford Yard Goats : RHP Logan Ramsey
Batting: RHB Dave Cordero 0-0: Ball
1-0: Foul Ball, location: 2F
1-1: Fly out, F8 (Flyball, 8RS, EV 93.1 MPH)
Batting: LHB Tony Contreras 0-0: DOUBLE (Line Drive, 78D, EV 105.6 MPH)
Batting: RHB Devon Dill 0-0: Called Strike
0-1: Swinging Strike
0-2: Ball
1-2: Ball
2-2: Ball
3-2: Fly out, F9 (Flyball, 89M, EV 83.1 MPH)
Batting: RHB Cesar Ortega 0-0: Ball
1-0: Ball
2-0: Ball
3-0: Called Strike
3-1: Called Strike
3-2: Fly out, F8 (Flyball, 8LM, EV 82.5 MPH)
Top of the 5th over - 0 runs, 1 hit, 0 errors, 1 left on base; Fort Wayne 1 - Hartford 0
BOTTOM OF THE 5TH
Hartford Yard Goats batting - Pitching for Fort Wayne TinCaps : LHP Jon Zaragoza
Batting: SHB Brad Madden 0-0: Swinging Strike
0-1: Ball
1-1: Called Strike
1-2: Foul Ball, location: 2F
1-2: Strikes out swinging
Batting: RHB Bryce Hickman 0-0: Called Strike
0-1: Ball
1-1: Ball
2-1: Swinging Strike
2-2: Strikes out swinging
Batting: RHB Dwane Reed 0-0: Foul Ball, location: 2F
0-1: SINGLE (Groundball, 5S, EV 71.2 MPH) (infield hit)
Batting: RHB Ray Insley 0-0: Fly out, F4 (Popup, 6M, EV 61.2 MPH)
Bottom of the 5th over - 0 runs, 1 hit, 0 errors, 1 left on base; Fort Wayne 1 - Hartford 0
TOP OF THE 6TH
Fort Wayne TinCaps batting - Pitching for Hartford Yard Goats : RHP Logan Ramsey
Batting: RHB Jim Miske 0-0: SINGLE (Groundball, 25, EV 65.0 MPH) (infield hit)
Batting: RHB Danny Krug 0-0: Called Strike
0-1: Ball
1-1: 2-RUN HOME RUN (Flyball, 9LD, EV 92.5 MPH), Distance : 338 ft
Batting: RHB Ben Welt 0-0: Ball
1-0: Swinging Strike
1-1: Called Strike
1-2: Foul Ball, location: 2F
1-2: Ball
2-2: Ball
3-2: SINGLE (Line Drive, 78M, EV 97.5 MPH)
Batting: RHB John Freeman 0-0: Grounds into double play, 1-6-3 (Groundball, 13S, EV 70.0 MPH)
Batting: RHB Bill Vives 0-0: Ball
1-0: Foul Ball, location: 2F
1-1: DOUBLE (Line Drive, 89D, EV 108.8 MPH)
Batting: RHB Dave Cordero 0-0: Ball
1-0: Fly out, F6 (Line Drive, 6, EV 66.2 MPH)
Top of the 6th over - 2 runs, 4 hits, 0 errors, 1 left on base; Fort Wayne 3 - Hartford 0
BOTTOM OF THE 6TH
Hartford Yard Goats batting - Pitching for Fort Wayne TinCaps : LHP Jon Zaragoza
Batting: LHB Harry Folsom 0-0: Ball
1-0: Swinging Strike
1-1: Ball
2-1: Called Strike
2-2: Strikes out swinging
Batting: RHB John Stevenson 0-0: Foul Ball, location: 2F
0-1: Ball
1-1: DOUBLE (Line Drive, 5D, EV 95.0 MPH)
Batting: RHB Doug D'Onofrio 0-0: Foul Ball, location: 2F
0-1: Called Strike
0-2: Ball
1-2: Ball
2-2: Foul Ball, location: 2F
2-2: Foul Ball, location: 2F
2-2: Ground out 6-3 (Groundball, 56, EV 83.1 MPH)
Batting: RHB Ivan Castaneda 0-0: Ball
1-0: Ball
2-0: Ball
3-0: Called Strike
3-1: Base on Balls
Batting: RHB Chris Osting 0-0: Ball
1-0: Ball
2-0: Foul Ball, location: 2F
2-1: Fielders Choice at 2nd, 6-4 (Groundball, 56, EV 86.2 MPH)
Bottom of the 6th over - 0 runs, 1 hit, 0 errors, 2 left on base; Fort Wayne 3 - Hartford 0
TOP OF THE 7TH
Fort Wayne TinCaps batting - Pitching for Hartford Yard Goats : RHP Logan Ramsey
Pitching: RHP Gorgonio Sigua
Batting: LHB Tony Contreras 0-0: Foul Ball, location: 2F
0-1: Ball
1-1: SINGLE (Groundball, 4MD, EV 110.6 MPH)
Batting: RHB Devon Dill 0-0: Called Strike
0-1: Foul Ball, location: 2F
0-2: Foul Ball, location: 2F
0-2: Foul Ball, location: 2F
0-2: Ball
1-2: Foul Ball, location: 2F
1-2: Fielders Choice at 2nd, 6-4 (Groundball, 6, EV 105.0 MPH)
Batting: RHB Cesar Ortega 0-0: Called Strike
0-1: Swinging Strike
0-2: Strikes out swinging
Devon Dill is caught stealing 2nd base 2-4
Batter strikes out.
Top of the 7th over - 0 runs, 1 hit, 0 errors, 0 left on base; Fort Wayne 3 - Hartford 0
BOTTOM OF THE 7TH
Hartford Yard Goats batting - Pitching for Fort Wayne TinCaps : LHP Jon Zaragoza
Batting: SHB Brad Madden 0-0: Ball
1-0: Called Strike
1-1: SINGLE (Groundball, 56D, EV 101.9 MPH)
Batting: RHB Bryce Hickman 0-0: SINGLE (Groundball, 6D, EV 110.0 MPH)
Brad Madden to second
Batting: RHB Dwane Reed 0-0: Swinging Strike
0-1: Foul Ball, location: 2F
0-2: Foul Ball, location: 2F
0-2: Strikes out looking
Batting: RHB Ray Insley 0-0: Ball
1-0: Called Strike
1-1: Called Strike
1-2: Ball
2-2: Ball
3-2: Base on Balls
Brad Madden to third
Bryce Hickman to second
Batting: LHB Harry Folsom 0-0: Ball
1-0: Ball
2-0: SINGLE (Groundball, 6M, EV 95.6 MPH)
Brad Madden scores
Bryce Hickman to third
Ray Insley to second
Runner from 3rd tries for Home, SAFE, throw by CF to home
Batting: RHB John Stevenson 0-0: Ball
1-0: Ball
2-0: Called Strike
2-1: Foul Ball, location: 2F
2-2: Foul Ball, location: 2F
2-2: Ball
3-2: Foul Ball, location: 2F
3-2: Foul Ball, location: 2F
3-2: Grounds into double play, 4-6-3 (Groundball, 4, EV 78.1 MPH)
Bottom of the 7th over - 2 runs, 3 hits, 0 errors, 1 left on base; Fort Wayne 3 - Hartford 2
TOP OF THE 8TH
Fort Wayne TinCaps batting - Pitching for Hartford Yard Goats : RHP Gorgonio Sigua
Pitching: RHP Jim Crooks
Batting: RHB Jim Miske 0-0: Ball
1-0: Foul Ball, location: 2F
1-1: Ball
2-1: Called Strike
2-2: Ball
3-2: Fly out, F9 (Flyball, 9LD, EV 77.5 MPH)
Batting: RHB Danny Krug 0-0: Ball
1-0: Foul Ball, location: 2F
1-1: Ball
2-1: Foul Ball, location: 2F
2-2: Foul Ball, location: 2F
2-2: SINGLE (Groundball, 5D, EV 98.1 MPH)
Batting: RHB Ben Welt 0-0: Fly out, F7 (Flyball, 7, EV 95.0 MPH)
Batting: RHB John Freeman 0-0: Foul Ball, location: 2F
0-1: Foul Ball, location: 2F
0-2: Ball
1-2: Foul Ball, location: 2F
1-2: Foul Ball, location: 2F
1-2: Foul Ball, location: 2F
1-2: SINGLE (Groundball, 6MD, EV 106.9 MPH)
Danny Krug to second
Batting: RHB Bill Vives 0-0: DOUBLE (Flyball, 7LM, EV 81.2 MPH)
Danny Krug scores
John Freeman to third
Runner from 3rd tries for Home, SAFE, no throw by LF
Batting: RHB Dave Cordero 0-0: Ball
1-0: Ball
2-0: Ball
3-0: Base on Balls
Batting: LHB Tony Contreras 0-0: DOUBLE (Flyball, 89XD, EV 100.6 MPH)
Bill Vives scores
Dave Cordero to third
Pitching: RHP Zi-cheng Zhou
Batting: RHB Devon Dill 0-0: Ball
1-0: Called Strike
1-1: Fly out, F9 (Flyball, 9D, EV 75.6 MPH)
Top of the 8th over - 3 runs, 4 hits, 0 errors, 2 left on base; Fort Wayne 6 - Hartford 2
BOTTOM OF THE 8TH
Hartford Yard Goats batting - Pitching for Fort Wayne TinCaps : LHP Jon Zaragoza
Pitching: LHP Terry LaPlante
Batting: RHB Doug D'Onofrio 0-0: Foul Ball, location: 2F
0-1: Ball
1-1: Foul Ball, location: 2F
1-2: Ball
2-2: Ball
3-2: Foul Ball, location: 2F
3-2: Strikes out swinging
Batting: RHB Ivan Castaneda 0-0: Called Strike
0-1: Swinging Strike
0-2: Strikes out looking
Batting: RHB Chris Osting 0-0: Ball
1-0: SOLO HOME RUN (Flyball, 7LD, EV 92.5 MPH), Distance : 345 ft
Batting: SHB Brad Madden 0-0: Called Strike
0-1: Foul Ball, location: 2F
0-2: Fly out, F8 (Line Drive, 78M, EV 86.2 MPH)
Bottom of the 8th over - 1 run, 1 hit, 0 errors, 0 left on base; Fort Wayne 6 - Hartford 3
TOP OF THE 9TH
Fort Wayne TinCaps batting - Pitching for Hartford Yard Goats : RHP Zi-cheng Zhou
Batting: RHB Cesar Ortega 0-0: Ball
1-0: Called Strike
1-1: Foul Ball, location: 2F
1-2: Ball
2-2: Strikes out swinging
Batting: RHB Jim Miske 0-0: Foul Ball, location: 2F
0-1: Ball
1-1: Swinging Strike
1-2: Ball
2-2: Ball
3-2: Strikes out swinging
Batting: RHB Danny Krug 0-0: Ball
1-0: Foul Ball, location: 2F
1-1: Swinging Strike
1-2: Ground out 5-3 (Groundball, 5S, EV 85.6 MPH)
Top of the 9th over - 0 runs, 0 hits, 0 errors, 0 left on base; Fort Wayne 6 - Hartford 3
BOTTOM OF THE 9TH
Hartford Yard Goats batting - Pitching for Fort Wayne TinCaps : LHP Terry LaPlante
Pitching: LHP Manny Santiago
Batting: RHB Bryce Hickman 0-0: Ball
1-0: Ball
2-0: Ball
3-0: Called Strike
3-1: Fly out, F3 (Popup, 3SF, EV 79.4 MPH)
Batting: RHB Dwane Reed 0-0: Called Strike
0-1: Foul Ball, location: 2F
0-2: Ball
1-2: Fly out, F7 (Line Drive, 78M, EV 108.8 MPH)
Batting: RHB Ray Insley 0-0: Ball
1-0: Ball
2-0: Ball
3-0: Called Strike
3-1: Base on Balls
Batting: LHB Harry Folsom 0-0: Foul Ball, location: 2F
0-1: Swinging Strike
0-2: Foul Ball, location: 2F
0-2: Strikes out swinging
Bottom of the 9th over - 0 runs, 0 hits, 0 errors, 1 left on base; Fort Wayne 6 - Hartford 3
Sunday, July 16th , 2023 - OOTP Baseball 24.6 Build 69